 Dungeon Crawl Stone Soup version 0.17-a0-2122-g03d97ec (webtiles) character file.

8635 ornom0n the Grappler (level 11, -7/105 HPs)
             Began as a Troll Monk on Oct 21, 2015.
             Was an Elder of Trog.
             Splashed by an oklob plant's acid (9 damage)
             ... created by the enmity of Fedhas Madash
             ... on level 4 of the Orcish Mines.
             The game lasted 01:47:04 (10613 turns).

ornom0n the Grappler (Troll Monk)                  Turns: 10613, Time: 01:47:07

Health: -7/105     AC:  9    Str: 20 (22) XL:     11   Next: 12%
Magic:  8/8        EV: 12    Int:  6      God:    Trog [****..]
Gold:   730        SH: 19    Dex: 13 (14) Spells: 0 memorised, 10 levels left

rFire  x . .     SeeInvis .       - Unarmed
rCold  + . .     Clarity  .     a - +1 robe
rNeg   . . .     SustAt   .     t - +4 large shield
rPois  +         Gourm    +     A - +0 hat {MR+}
rElec  .         Spirit   .     b - +0 cloak
rCorr  .         Warding  .     (gloves unavailable)
rMut   .         Stasis   .     (boots unavailable)
MR     +....                    (no amulet)
Stlth  ++........               w - ring of ice
                                i - +2 ring of evasion

@: about to teleport, somewhat resistant to hostile enchantments, unstealthy
A: unfitting armour, claws 3, yellow scales 1, blurry vision 2, deterioration 1,
fast metabolism 3, gourmand, low mp 1, poison resistance, regeneration 2, shaggy
fur 1, tough skin 2, wild magic 1, no device heal 1
a: Berserk, Trog's Hand, Brothers in Arms, Burn Spellbooks, Renounce Religion


You were on level 4 of the Orcish Mines.
You worshipped Trog.
Trog was greatly pleased with you.
You were full.

You visited 2 branches of the dungeon, and saw 13 of its levels.

You collected 738 gold pieces.
You spent 8 gold pieces at shops.

Inventory:

Hand Weapons
 m - a +2 whip of flaming
Missiles
 c - 156 stones (quivered)
 d - 8 tomahawks
Armour
 a - a +1 robe (worn)
 b - a +0 cloak (worn)
 t - a +4 large shield (worn)
 A - a +0 hat of magic resistance (worn)
Jewellery
 e - an uncursed ring of magical power
 i - a +2 ring of evasion (left claw)
 w - a ring of ice (right claw)
 E - an uncursed ring of wizardry
Wands
 g - a wand of digging (24)
 o - a wand of cold (9)
 p - a wand of cold (11)
 z - a wand of draining (0)
 C - a wand of disintegration (11)
 D - a wand of lightning (6)
Scrolls
 f - 7 scrolls of remove curse
 h - a scroll of noise
 r - 3 scrolls of identify
 s - a scroll of acquirement {unknown}
 x - a scroll of amnesia
 y - 2 scrolls of fear
 B - 3 scrolls of enchant weapon
Potions
 v - a potion of flight
Comestibles
 j - a bread ration
 l - 3 beef jerkies
 n - a royal jelly
 q - 4 meat rations
 u - 9 fruits


   Skills:
 + Level 5.8 Fighting
 + Level 7.0 Throwing
 + Level 7.9 Dodging
 + Level 3.1 Stealth
 + Level 5.3 Shields
 + Level 8.8 Unarmed Combat
 + Level 0.1 Evocations


You had 10 spell levels left.
You didn't know any spells.

Dungeon Overview and Level Annotations

Branches:
Dungeon (9/15)             Temple (0/1) D:7            Lair (0/8) D:8
    Orc (4/4) D:9             Elf (0/3) Orc:4

Altars:
Fedhas
Ru
Trog
Vehumet
Yredelemnul
Beogh

Shops:
Orc:2 [

Annotations:
D:8 exclusion: 5 oklob plants, Maurice
Orc:4 exclusion: 5 oklob plants


Innate Abilities, Weirdness & Mutations

You are too large for most types of armour.
You have claws for hands.
Your metabolism is lightning-fast.
You like to eat raw meat.
You heal very quickly.
You are covered in fur (AC +1).
You have very tough skin (AC +2).
You are partially covered in yellow scales (AC +2).
Scrolls take you longer to read.
Your body sometimes deteriorates upon taking damage.
Your magical capacity is low (-10% MP).
Your system is resistant to poisons.
Your spells are a little harder to cast, but a little more powerful.
Potions and wands are less effective at restoring your health.


Message History

The oklob plant spits acid at you.
Fedhas protects a plant from harm.
The splash of acid hits you!
The acid burns!
* * * LOW HITPOINT WARNING * * *
You scratch the plant but do no damage.
The plant is moderately damaged.
The oklob plant spits acid at you.
Fedhas protects a plant from harm.
The splash of acid hits you!
* * * LOW HITPOINT WARNING * * *
The acid burns!
* * * LOW HITPOINT WARNING * * *
You scratch the plant.
The plant is moderately damaged.
The oklob plant spits acid at you.
Fedhas protects a plant from harm.
The splash of acid hits you!
* * * LOW HITPOINT WARNING * * *
The acid burns!
You die...

##....#..##.#.#####
#..............##.##
o..o............P#.#....#
...o...................##
....#.......P....#...###
.................#.)## ##
..........P.........# ##.
...............PPP.## #..
......$.......P@P.# ##.
..........PPP.## #..
...............# ##..
............#.## #...
...............## ###..
........P.......###
####....
...........P..)..###.......
...>........#.....))......
.........................


You could see 5 oklob plants.

Vanquished Creatures
  Gastronok (D:8)
  The ghost of Clownie the Unseen, a journeyman OpAs of Nemelex Xobeh (Orc:3)
  The ghost of Maka the Geomancer, a novice GrEE (D:7)
  Pikel (D:4)
  A fire drake (D:8)
  A two-headed ogre (D:9)
  2 hippogriffs
  Menkaure (D:6)
  A steam dragon (D:9)
  2 water moccasins
  An ice beast (D:6)
  12 orc warriors
  6 ogres
  A sky beast (D:4)
  A centaur (D:5)
  A big kobold (D:9)
  A wyvern zombie (D:6)
  2 giant frogs
  5 killer bees (D:6)
  4 crimson imps
  2 giant frog zombies
  A centaur zombie (D:7)
  5 hounds
  18 orc wizards
  A jelly (D:9)
  12 orc priests
  A giant frog skeleton (D:8)
  4 worker ants
  A killer bee zombie (D:9)
  3 sheep (D:6)
  A hound skeleton (D:4)
  A worker ant zombie (D:5)
  4 gnolls (D:3)
  22 adders
  3 shadow imps
  3 adder zombies
  An ooze (D:2)
  An adder skeleton (D:3)
  3 worms
  3 giant geckos
  63 orcs
  7 giant cockroaches
  6 goblins
  8 hobgoblins
  9 jackals
  6 quokkas
  2 ball pythons
  8 bats
  8 giant newts
  A jackal skeleton (D:6)
  18 kobolds
  4 rats
276 creatures vanquished.

Vanquished Creatures (others)
  A ball lightning (D:6)
  A toadstool (D:6)
2 creatures vanquished.

Grand Total: 278 creatures vanquished

Notes
Turn   | Place    | Note
--------------------------------------------------------------
     0 | D:1      | ornom0n the Troll Monk began the quest for the Orb.
     0 | D:1      | Reached XP level 1. HP: 22/22 MP: 0/0
   388 | D:1      | Reached XP level 2. HP: 29/29 MP: 1/1
   931 | D:2      | Reached XP level 3. HP: 34/36 MP: 2/2
  1121 | D:2      | Found a faded altar to an unknown god.
  1156 | D:2      | Became a worshipper of Fedhas Madash
  1156 | D:2      | Reached * piety under Fedhas
  1156 | D:2      | Reached ** piety under Fedhas
  1531 | D:3      | Reached XP level 4. HP: 23/44 MP: 3/3
  1776 | D:4      | Gained mutation: Your body sometimes deteriorates upon taking damage. [potion of mutation]
  1776 | D:4      | Gained mutation: Your magical capacity is low (-10% MP). [potion of mutation]
  1776 | D:4      | Gained mutation: Scrolls take you a little longer to read. [potion of mutation]
  1967 | D:4      | Reached skill level 1 in Throwing
  1997 | D:4      | Reached XP level 5. HP: 53/53 MP: 3/3
  2175 | D:4      | Noticed a slave
  2175 | D:4      | Noticed a slave
  2176 | D:4      | Noticed a slave
  2176 | D:4      | Noticed Pikel
  2176 | D:4      | Noticed a slave
  2185 | D:4      | Killed Pikel
  2185 | D:4      | Reached skill level 5 in Unarmed Combat
  2185 | D:4      | Reached XP level 6. HP: 37/61 MP: 4/4
  2185 | D:4      | Reached XP level 7. HP: 40/67 MP: 5/5
  2249 | D:4      | Noticed a sky beast
  2265 | D:4      | Killed a sky beast
  2274 | D:4      | Gained mutation: Scrolls take you longer to read. [mutagenic meat]
  2279 | D:4      | Gained mutation: Your system is resistant to poisons. [mutagenic meat]
  2280 | D:4      | Gained mutation: Your spells are a little harder to cast, but a little more powerful. [mutagenic meat]
  2281 | D:4      | Gained mutation: You are partially covered in yellow scales (AC +2). [mutagenic meat]
  2316 | D:4      | Found a radiant altar of Vehumet.
  2316 | D:4      | Found a sacrificial altar of Ru.
  2317 | D:4      | Found a basalt altar of Yredelemnul.
  2530 | D:5      | Entered Level 5 of the Dungeon
  2965 | D:5      | Reached skill level 6 in Unarmed Combat
  3170 | D:3      | Reached XP level 8. HP: 69/78 MP: 6/6
  4403 | D:6      | Gained mutation: Potions and wands are less effective at restoring your health. [potion of mutation]
  4498 | D:6      | Reached skill level 1 in Shields
  4561 | D:6      | HP: 3/79 [poisoned by a killer bee]
  4566 | D:6      | HP: 1/79 [poisoned by a killer bee]
  4572 | D:6      | HP: 1/79 [poisoned by a killer bee]
  4579 | D:6      | HP: 2/79 [poisoned by a killer bee]
  4584 | D:6      | HP: 3/79 [poisoned by a killer bee]
  4777 | D:6      | Noticed Menkaure
  4807 | D:6      | Reached skill level 5 in Dodging
  5142 | D:6      | Killed Menkaure
  5142 | D:6      | Reached XP level 9. HP: 35/85 MP: 7/7
  5358 | D:6      | Found a bloodstained altar of Trog.
  5370 | D:6      | Fell from the grace of Fedhas
  5370 | D:6      | Became a worshipper of Trog the Wrathful
  5426 | D:6      | Noticed a ball lightning
  5427 | D:6      | Killed a ball lightning
  5498 | D:6      | Reached skill level 5 in Throwing
  5614 | D:6      | Reached skill level 7 in Unarmed Combat
  5777 | D:7      | Noticed Maka's ghost (novice GrEE)
  5822 | D:7      | Killed Maka's ghost
  6058 | D:7      | Found a staircase to the Ecumenical Temple.
  6106 | D:7      | Reached skill level 5 in Fighting
  6471 | D:8      | Noticed Maurice
  6523 | D:8      | Noticed an oklob plant
  6523 | D:8      | Noticed an oklob plant
  6523 | D:8      | Noticed an oklob plant
  6528 | D:8      | HP: 1/88 [acid[the enmity of Fedhas Madash] (14)]
  6742 | D:8      | Noticed an oklob plant
  6742 | D:8      | Noticed an oklob plant
  6750 | D:8      | Found a staircase to the Lair.
  6801 | D:8      | Noticed a fire drake
  6819 | D:8      | Killed a fire drake
  7037 | D:8      | Reached * piety under Trog
  7079 | D:8      | Noticed Gastronok
  7101 | D:8      | HP: 2/88 [Gastronok/the air (31)]
  7104 | D:8      | Killed Gastronok
  7104 | D:8      | Reached XP level 10. HP: 3/96 MP: 8/8
  7552 | D:8      | Reached skill level 8 in Unarmed Combat
  7934 | D:9      | Found a staircase to the Orcish Mines.
  8019 | D:9      | Reached skill level 5 in Shields
  8547 | D:9      | Reached ** piety under Trog
  8828 | Orc:1    | Entered Level 1 of the Orcish Mines
  9155 | Orc:2    | Found Equn Pamn's Armour Shop.
  9174 | Orc:2    | Bought a +0 robe for 8 gold pieces
  9419 | Orc:2    | Reached *** piety under Trog
  9935 | Orc:3    | Noticed Clownie's ghost (journeyman OpAs)
  9935 | Orc:3    | Found a roughly hewn altar of Beogh.
 10012 | Orc:3    | Killed Clownie's ghost
 10012 | Orc:3    | Reached XP level 11. HP: 105/105 MP: 8/8
 10271 | Orc:4    | Entered Level 4 of the Orcish Mines
 10531 | Orc:4    | Found a staircase to the Elven Halls.
 10567 | Orc:4    | Reached **** piety under Trog
 10613 | Orc:4    | HP: 2/105 [oklob plant/splash of acid[the enmity of Fedhas Madash] (7)]
 10613 | Orc:4    | Splashed by an oklob plant's acid

Vault maps used:
D:1:      elethiomel_arrival_infinity_welcomes_careful_drivers
D:2:      ecumenical_altar_1, due_unseen_surprise
D:3:      first_bread, st_stairs_5
D:4:      gammafunk_temple_overflow_claw, roderic_hopi_sauvastika, uniq_pikel
D:5:      minivault_27
D:6:      minivault_25, trog_butcher_becter, uniq_menkaure
D:7:      minmay_temple_entry_glass
D:8:      minmay_lair_entry_lava, uniq_maurice, uniq_gastronok
D:9:      orc_0_dummy
Orc:2:    serial_shops, shop, basic_altar
Orc:3:    basic_altar, nicolae_orc_pool_cavern, mines3_lemuel
Orc:4:    st_orc_congregation, basic_altar

Action                   |  1- 3 |  4- 6 |  7- 9 | 10-12 || total
-------------------------+-------+-------+-------+-------++-------
Melee: Unarmed           |    93 |    31 |   393 |   342 ||   859
Throw: Stone             |    65 |    27 |   222 |   166 ||   480
Evoke: Wand              |       |       |     2 |       ||     2
  Use: Scroll            |     3 |     3 |     8 |     4 ||    18
       Potion            |     6 |     2 |     5 |     3 ||    16
 Stab: Sleeping          |     7 |       |     3 |     1 ||    11
  Eat: Chunk             |     8 |       |    46 |    16 ||    70
       Bread ration      |     2 |       |     1 |     4 ||     7
       Meat ration       |       |     1 |       |       ||     1
       Royal jelly       |       |     1 |       |       ||     1
       Pizza             |       |       |     1 |       ||     1
